AoeStats
← tenkane

Arena

510508762Analyzed
1v1 RM · 8h ago on Oct 1, 2026· 41m 41s· 2 players
Game mode
Random Map
Map size
Tiny (2 player)
Population
200
Speed
Normal
Resources
Standard
Victory
Conquest
Starting age
Dark Age
Ending age
Imperial Age
RankedLock teamsTeams togetherTeam positionsShared explorationLock speedFull tech treeHidden civsTurbo modeCheats
Victory
Defeat
🇫🇮 Britons · Finland
1276
+13
🇷🇴 Vietnamese · Romania
1200
-13
tenkane
11:05 Feudal Age
14:57 Castle Age
12:43 Horse Collar
12:59 Double-Bit Axe
13:22 Stone Mining
14:19 Gold Mining
14:47 Padded Archer Armor
20:32 Loom
22:43 Bow Saw
24:36 Ballistics
24:32 Heavy Plow
24:33 Fletching
27:16 Wheelbarrow
26:56 Bodkin Arrow
27:17 Leather Archer Armor
28:32 Hand Cart
29:41 Gold Shaft Mining
31:46 Imperial Age
29:09 Town Watch
30:04 Forging
29:55 Scale Mail Armor
30:09 Murder Holes
31:40 Masonry
31:20 Man-at-Arms
31:45 Gambesons
32:01 Squires
31:46 Arson
32:40 Iron Casting
32:21 Chain Mail Armor
32:56 Conscription
33:42 Chemistry
33:47 Two-Man Saw
32:45 Long Swordsman
34:25 Bracer
34:55 Ring Archer Armor
34:56 Plate Mail Armor
35:05 Hoardings
33:54 Two-Handed Swordsman
35:09 Yeomen
34:51 Champion
36:34 Blast Furnace
36:35 Architecture
36:10 Siege Engineers
35:52 Elite Longbowman
38:45 Warwolf
w.tataieee
0:30 Loom
11:21 Feudal Age
17:09 Castle Age
21:49 Horse Collar
23:22 Heavy Plow
23:42 Double-Bit Axe
25:09 Wheelbarrow
26:17 Hand Cart
30:16 Imperial Age
27:57 Padded Archer Armor
27:48 Fletching
28:09 Elite Skirmisher
29:03 Gold Mining
30:08 Leather Archer Armor
30:53 Ballistics
30:30 Bodkin Arrow
32:06 Chemistry
31:05 Imperial Skirmisher
32:19 Paper Money
32:21 Bracer
32:26 Scale Mail Armor
33:23 Stone Mining
34:05 Ring Archer Armor
34:06 Cavalier
35:59 Husbandry
35:45 Elite Rattan Archer
39:36 Light Cavalry
40:26 Bloodlines
40:37 Scale Barding Armor
40:17 Light Cavalry
40:57 Light Cavalry
Connection lost

Rejoining the realm…

Still unreachable

The connection could not be restored.

Session expired

The server has moved on; the page needs a fresh start.